 Dungeon Crawl Stone Soup version 0.27.0-1-g7a089689b8 (webtiles) character file.

Game seed: 15558354389741258014

134 Lochraine the Magician (level 4, -2/24 HPs)
             Began as a Deep Elf Fire Elementalist on Aug 17, 2021.
             Slain by a river rat (5 damage)
             ... in a sewer.
             The game lasted 00:03:54 (2201 turns).

Lochraine the Magician (Deep Elf Fire Elementalist) Turns: 2201, Time: 00:03:55

Health: -2/24      AC:  5    Str:  5    XL:     4   Next: 95%
Magic:  5/12       EV: 12    Int: 21    God:
Gold:   100        SH:  0    Dex: 15    Spells: 8/12 levels left

rFire    . . .     SeeInvis .   c - staff of death
rCold    . . .     Faith    .   (no shield)
rNeg     + . .     Spirit   .   a - +0 robe
rPois    .         Reflect  .   (no helmet)
rElec    .         Harm     .   (no cloak)
rCorr    .         Rampage  .   (no gloves)
Will     .....                  l - +2 pair of boots {Fly}
Stlth    ++........             (no amulet)
HPRegen  0.08/turn              (no ring)
MPRegen  0.13/turn              (no ring)

@: lethally poisoned (-2 -> -3), flying
A: no striking features
a: no special abilities


You were in a sewer.
You visited 1 branch of the dungeon, and saw 3 of its levels.
You also visited: Sewer.

You collected 100 gold pieces.

Inventory:

Missiles
 e - 22 poisoned darts
Armour
 a - a +0 robe (worn)
 l - a +2 pair of boots of flying (worn)
   (You found it on level 2 of the Dungeon)
Magical Staves
 c - a staff of death (weapon)
   (You found it on level 1 of the Dungeon)
Scrolls
 b - 2 scrolls of noise {unknown}
 f - 4 scrolls of identify {unknown}
 i - a scroll of blinking {unknown}
 k - a scroll of amnesia {unknown}
Potions
 d - 2 potions of magic {unknown}
 g - a potion of haste {unknown}
 h - a potion of attraction {unknown}
 j - a potion of flight {unknown}


   Skills:
 - Level 2.4 Dodging
 - Level 2.4 Stealth
 + Level 4.7 Spellcasting
 + Level 3.0 Conjurations
 + Level 4.5 Fire Magic


You had 8 spell levels left.
You knew the following spells:

 Your Spells              Type           Power      Damage    Failure   Level
a - Foxfire               Conj/Fire      80%        2x1d8     2%          1
d - Conjure Flame         Conj/Fire      20%        6-21      7%          3

Your spell library contained the following spells:

 Spells                   Type           Power      Damage    Failure   Level
 Inner Flame              Hex/Fire       14%        N/A       13%         3
 Sticky Flame             Conj/Fire      20%        2d4       24%         4
 Fireball                 Conj/Fire      10%        3d6       54%         5


Dungeon Overview and Level Annotations

Branches:
Dungeon (3/15)              Sewer (1/1)

Altars:


Message History

A ball python comes into view.
You conjure some foxfire!
The foxfire hits the rat.
You kill the rat!
You conjure some foxfire!
The foxfire hits the rat.
You kill the rat!
The ball python hisses angrily.
You conjure some foxfire!
The foxfire hits the river rat.
The foxfire hits the river rat but does no damage.
A river rat comes into view.
A rat comes into view.
You conjure some foxfire!
The foxfire hits the river rat. x2
The foxfire hits the ball python.
An adder comes into view.
The foxfire hits the ball python.
The ball python closely misses you. The ball python grabs you.
The ball python constricts you.
You escape the ball python's grasp.
You conjure some foxfire!
The foxfire hits the ball python.
You kill the ball python!
The river rat bites you.
The foxfire hits the river rat but does no damage.
The adder bites you but does no damage.
The river rat is engulfed in a cloud of scalding steam.
The river rat bites you!
You conjure some foxfire!
The adder bites you but does no damage.
The foxfire hits the river rat.
The river rat is engulfed in a cloud of scalding steam.
You kill the river rat!
The adder bites you but does no damage.
Your Conjurations skill increases to level 3!
The foxfire hits the adder.
The adder barely misses you.
The rat is engulfed in a cloud of scalding steam.
You kill the rat!
You conjure some foxfire!
The river rat bites you. The adder barely misses you.
The foxfire hits the adder. x2; The adder barely misses you.
The river rat barely misses you.
You conjure some foxfire!
The adder bites you.
* * * LOW HITPOINT WARNING * * *
You are poisoned.
The adder poisons you! The river rat bites you.
* * * LOW HITPOINT WARNING * * *
The adder barely misses you.
You feel sick.
The foxfire hits the adder.
You kill the adder!
The foxfire hits the river rat.
The river rat bites you.
* * * LOW HITPOINT WARNING * * *
You conjure some foxfire!
You feel sick. The river rat closely misses you.
You feel sick.
The foxfire hits the river rat but does no damage.
The foxfire hits the river rat.
The river rat bites you.
You die...

....≈≈≈≈≈≈≈≈....##
#.....≈≈≈≈≈≈≈≈....#
#....#≈≈≈≈≈≈≈≈....#
#..##≈≈≈≈≈≈≈.....#
#..##≈≈≈≈≈≈.....##
#...##≈≈≈≈≈≈....#
##....#≈≈≈≈≈.†..##
#...†.†§≈≈≈≈..†.####
†....†≈@≈≈≈≈...###∩#
..#...r≈≈≈≈≈≈..###.#
###.≈≈≈≈≈≈....#..#
#.≈≈≈≈≈≈≈.....##
....≈≈≈≈≈.....#
....≈≈≈≈.≈....##
......≈≈≈≈.....##
#......≈≈≈.......##
.≈≈.........##


You could see a river rat.

Vanquished Creatures
  2 adders
  3 river rats (Sewer)
  A worm (D:2)
  A dart slug (D:1)
  An orc (D:3)
  5 endoplasms
  4 giant cockroaches
  3 goblins
  4 hobgoblins
  5 jackals
  9 quokkas
  8 ball pythons
  7 bats
  4 frilled lizards (D:1)
  8 kobolds
  12 rats
77 creatures vanquished.

Vanquished Creatures (others)
  175 foxfires
  3 fungi (D:1)
  2 plants (D:1)
180 creatures vanquished.

Grand Total: 257 creatures vanquished

Notes
Turn   | Place    | Note
-------+----------+-------------------------------------------
     0 | D:1      | Lochraine the Deep Elf Fire Elementalist began the quest
                  | for the Orb.
     0 | D:1      | Reached XP level 1. HP: 10/10 MP: 6/6
   386 | D:1      | Reached XP level 2. HP: 15/15 MP: 6/8
   652 | D:1      | Found a faded altar of an unknown god.
   661 | D:1      | Reached XP level 3. HP: 19/19 MP: 6/10
  1308 | D:2      | Learned a level 3 spell: Conjure Flame
  1562 | D:2      | Reached XP level 4. HP: 23/24 MP: 3/12
  1984 | D:3      | Found a glowing drain.
  2007 | Sewer    | Entered a sewer
  2201 | Sewer    | Slain by a river rat

Illustrated notes

Levels and vault maps discovered:
D:1:      zelgadis_glass_arrival_small, layout_basic,
          shapermc_ecumenical_altar_mp_ritualfount
D:2:      layout_basic
D:3:      layout_basic, overflow_temple_1_default, gup_sewer_entry_pipe,
          kennysheep_generic_room_3
Sewer:    sewer_minmay_treatment

Skill      XL: |  1  2  3  4 |
---------------+-------------+-----
Conjurations   | 2 3 |  3.0
Spellcasting   | 4 |  4.7
Fire Magic     | 4 |  4.5
Dodging        | |  2.4
Stealth        | |  2.4

Action                   |  1- 3 |  4- 6 || total
-------------------------+-------+-------++-------
Melee: Unarmed           |     4 |       ||     4
 Cast: Foxfire           |    64 |    37 ||   101
Armor: Robe              |     5 |    12 ||    17
Dodge: Dodged            |    27 |    20 ||    47
